 Dungeon Crawl Stone Soup version 0.29-a0-251-g80730f7 (webtiles) character file.

Game seed: 4462167039161159038

331 Dorkslayer the Poker (level 6, -11/48 HPs)
             Began as a Merfolk Fighter on Mar 5, 2022.
             Killed by divine providence
             ... invoked by an orc priest
              (13 damage)
             ... on level 4 of the Dungeon.
             The game lasted 00:08:25 (4509 turns).

Dorkslayer the Poker (Merfolk Fighter)              Turns: 4509, Time: 00:08:26

Health: -11/48     AC:  9    Str: 16    XL:     6   Next: 51%
Magic:  6/6        EV:  6    Int:  7    God:
Gold:   177        SH:  5    Dex: 16    Spells: 5/5 levels left

rFire   . . .      SeeInvis .   a - +1 trident
rCold   . . .      Faith    .   c - +0 buckler
rNeg    . . .      Spirit   .   h - +0 chain mail
rPois   .          Reflect  .   (no helmet)
rElec   .          Harm     .   (no cloak)
rCorr   .          Rampage  .   (no gloves)
Will    .....                   (no boots)
Stlth   ..........              (no amulet)
HPRegen 0.16/turn               i - ring of flight
MPRegen 0.10/turn               (no ring)

@: flying, hasted, very quick
A: (nimble swimmer 2), mertail
a: no special abilities


You were on level 4 of the Dungeon.
You visited 1 branch of the dungeon, and saw 5 of its levels.

You collected 237 gold pieces.
You spent 60 gold pieces at shops.

Inventory:

Hand Weapons
 a - a +1 trident (weapon)
Missiles
 f - a throwing net (quivered)
Armour
 c - a +0 buckler (worn)
 h - a +0 chain mail (worn)
Jewellery
 i - a ring of flight (left hand)
Potions
 b - a potion of mutation
 e - a potion of ambrosia
 j - a potion of berserk rage {unknown}


   Skills:
 + Level 4.2 Fighting
 + Level 6.3 Polearms
 + Level 3.2 Armour
 + Level 1.2 Dodging
 + Level 3.5 Shields


You had 5 spell levels left.
You didn't know any spells.
Your spell library contained the following spells:

 Spells                   Type           Power      Damage    Failure   Level
 Blink                    Tloc           0%         N/A       100%        2
 Lesser Beckoning         Tloc           0%         N/A       100%        3
 Manifold Assault         Tloc           0%         N/A       100%        5


Dungeon Overview and Level Annotations

Branches:
Dungeon (5/15)             Temple (0/1) D:4

Altars:
Nemelex Xobeh

Shops:
D:2 *

Annotations:
D:3 3 runed translucent doors, AlexanderH's ghost, amateur DrEE


Innate Abilities, Weirdness & Mutations

((You are very nimble when in or above water. (Stealth+, EV+, Speed+++)))
Your lower body shifts to a powerful aquatic tail in water.


Message History

You hit the iguana.
The iguana is almost dead.
You closely miss the iguana.
The iguana is almost dead.
The iguana barely misses you.
You hit the iguana.
You kill the iguana!
You closely miss the orc priest.
The orc priest hits you with a +0 short sword.
* * * LOW HITPOINT WARNING * * *
You hit the orc priest but do no damage.
The orc priest invokes the aid of Beogh against you.
Pain shoots through your body!
* * * LOW HITPOINT WARNING * * *
You hit the orc priest but do no damage.
You puncture the orc priest!
The orc priest is severely wounded.
The orc priest looks encouraged for a moment.
Okay, then.
You closely miss the orc priest.
The orc priest is severely wounded.
The orc priest hits you but does no damage.
You closely miss the orc priest.
The orc priest is severely wounded.
You closely miss the orc priest.
The orc priest is severely wounded.
The orc priest barely misses you.
You barely miss the orc priest.
The orc priest is severely wounded.
The orc priest hits you but does no damage.
You closely miss the orc priest.
The orc priest is severely wounded.
You barely miss the orc priest.
The orc priest is severely wounded.
You block the orc priest's attack.
You hit the orc priest.
The orc priest is almost dead.
The orc priest mumbles some strange prayers to Beogh against you.
Beogh smites you!
You die...

......g ..
.#l#.#.# .....
#..# ##o## ####.
##.#.## #....
#.####.###.##
#.##. #....o##
##.# #.##.
######@###.##
#.##.
##.#..######
#.##. #........#
#....
###.####.###..).
#..........###
#########..###
#....) #.####
##.###


You could see an orc priest.

Vanquished Creatures
  An ice beast (D:5)
  An orc priest (D:3)
  An iguana (D:4)
  3 gnolls
  4 adders
  5 worms
  A dart slug (D:1)
  6 orcs
  9 endoplasms
  13 giant cockroaches
  9 goblins
  7 hobgoblins
  6 jackals
  7 kobolds
  A quokka (D:2)
  6 ball pythons
  4 bats
  3 frilled lizards
  6 rats
93 creatures vanquished.

Notes
Turn   | Place    | Note
-------+----------+-------------------------------------------
     0 | D:1      | Dorkslayer the Merfolk Fighter began the quest for the Orb.
     0 | D:1      | Reached XP level 1. HP: 18/18 MP: 1/1
   317 | D:1      | Reached XP level 2. HP: 24/24 MP: 2/2
   322 | D:1      | Reached skill level 3 in Polearms
   335 | D:1      | Found a faded altar of an unknown god.
   989 | D:1      | Reached XP level 3. HP: 27/29 MP: 3/3
  1161 | D:2      | Found Ukhlueqo's General Store.
  1169 | D:2      | Bought a scroll of amnesia for 38 gold pieces
  1169 | D:2      | Bought a scroll of identify for 22 gold pieces
  1454 | D:2      | Reached skill level 4 in Polearms
  1637 | D:2      | Reached XP level 4. HP: 36/37 MP: 4/4
  1639 | D:2      | Reached skill level 1 in Dodging
  2497 | D:3      | Noticed AlexanderH's ghost (amateur DrEE)
  2512 | D:3      | Found a runed translucent gate.
  2512 | D:3      | Found a runed translucent gate.
  2512 | D:3      | Found a runed translucent gate.
  2543 | D:3      | Reached XP level 5. HP: 19/42 MP: 5/5
  2629 | D:3      | HP: 2/42 [orc/+0 club (1)]
  2918 | D:3      | Reached skill level 5 in Polearms
  3654 | D:4      | Found a sparkling altar of Nemelex Xobeh.
  3784 | D:4      | Found a staircase to the Ecumenical Temple.
  3825 | D:5      | Entered Level 5 of the Dungeon
  3832 | D:5      | Noticed an ice beast
  3852 | D:5      | Killed an ice beast
  3853 | D:5      | Reached XP level 6. HP: 12/48 MP: 6/6
  4092 | D:5      | Reached skill level 6 in Polearms
  4500 | D:4      | HP: 1/48 [orc priest/nerve-wracking pain (4)]
  4509 | D:4      | Killed from afar by an orc priest

Illustrated notes

Levels and vault maps discovered:
D:1:      lightli_arrival_lavapool, layout_loops_corners,
          hellmonk_ecumenical_altar_arch_garden
D:2:      minmay_roachtagon, layout_loops_cross, serial_shops, shop
D:3:      cheibrodos_greedy_goblins, layout_basic, gammafunk_ghost_split
D:4:      minmay_opposing_rooms, layout_loops_ring, lemuel_tele_altar,
          temple_statues, st_stairs_13, feat_on_display
D:5:      lemuel_insect_pit, layout_basic, nicolae_yredelemnul_corpse_copse,
          uniq_edmund, uniq_sigmund

Skill      XL: |  1  2  3  4  5  6 |
---------------+-------------------+-----
Polearms       | 3 4 5 6 |  6.3
Dodging        | 1 |  1.2
Armour         | 3 |  3.2
Fighting       | 4 |  4.2
Shields        | |  3.5

Action                   |  1- 3 |  4- 6 || total
-------------------------+-------+-------++-------
Melee: Trident           |   144 |   174 ||   318
  Use: Scroll            |     2 |     4 ||     6
       Potion            |       |     6 ||     6
Armor: Scale mail        |    29 |       ||    29
       Chain mail        |    22 |    74 ||    96
Dodge: Dodged            |    41 |    48 ||    89
Block: Buckler           |    29 |    30 ||    59

Table legend: (Time is in decaauts)
 A = Elapsed time spent in this place.
 B = Non-inter-level travel time spent in this place.
 C = Inter-level travel time spent in this place.
 D = Time resting spent in this place.
 E = Time spent auto-exploring this place.
 F = Levels seen in this place.
 G = Mean time per level.
                   A        B        C        D        E       F      G
               +--------+--------+--------+--------+--------+-----+--------+
         Total |   4543 |   4543 |      0 |    616 |   2573 |   5 |  908.6 |
       Dungeon |   4543 |   4543 |      0 |    616 |   2573 |   5 |  908.6 |
               +--------+--------+--------+--------+--------+-----+--------+

Top non-repeatable levels by time:
     D:2: 1230 daAuts
     D:1: 1153 daAuts
     D:3: 953 daAuts
     D:4: 694 daAuts
     D:5: 512 daAuts
